[Event "Titled Tuesday Blitz April 25 Early 2023"]
[White "hakanazeri2"]
[Black "Escanor89"]
[WhiteElo "2624"]
[BlackElo "2506"]
[Result "1-0"]
[Round "07"]
[TimeControl "180+2"]
[Date "2023.04.25"]
[WhiteClock "0:00:39"]
[BlackClock "0:00:44"]

1. d4 Nf6 2. Nf3 g6 3. Nc3 Bg7 4. e4 d6 5. Be2 O-O 6. Bg5 Nc6 7. Qd2 Bg4 8. h3 Bxf3 9. Bxf3 Nd7 10. d5 Nd4 11. Bd1 c5 12. O-O b5 13. Rb1 Nb6 14. b3 a5 15. Ne2 a4 16. c3 Nxe2+ 17. Bxe2 axb3 18. Rxb3 Nc4 19. Qc2 Ra5 20. a4 Rxa4 21. Rxb5 Na3 22. Qxa4 Nxb5 23. Qxb5 1-0


[Site "https://www.chess.com"]

[Event "Titled Tuesday Blitz April 25 Early 2023"]
[White "Kozin, Yuri"]
[Black "Begunov, Konstantin"]
[WhiteFideId "4129920"]
[BlackFideId "4118510"]
[WhiteElo "2607"]
[BlackElo "2087"]
[Result "1-0"]
[Round "07"]
[TimeControl "180+2"]
[Date "2023.04.25"]
[WhiteClock "0:01:09"]
[BlackClock "0:00:15"]

1. e4 c5 2. Nf3 d6 3. d4 cxd4 4. Nxd4 Nf6 5. Nc3 a6 6. Be3 Ng4 7. Bc1 Nc6 8. h3 Qb6 9. hxg4 Qxd4 10. Bd3 e6 11. a3 Qb6 12. b3 Ne5 13. Bb2 Nxd3+ 14. Qxd3 Qc5 15. O-O-O Qxf2 16. Rdf1 Qc5 17. Na4 Qg5+ 18. Kb1 Be7 19. e5 dxe5 20. Rxh7 Rxh7 21. Qxh7 b5 22. Qg8+ Kd7 23. Nb6+ 1-0


[Site "https://www.chess.com"]

[Event "Titled Tuesday Blitz April 25 Early 2023"]
[White "Ibadov, Dashgyn"]
[Black "Korelskiy, Egor"]
[WhiteFideId "24107514"]
[BlackFideId "34329064"]
[WhiteElo "2208"]
[BlackElo "2186"]
[Result "0-1"]
[Round "07"]
[TimeControl "180+2"]
[Date "2023.04.25"]
[WhiteClock "0:00:02"]
[BlackClock "0:00:07"]

1. e4 c5 2. Nf3 e6 3. g3 d5 4. exd5 exd5 5. Bg2 Nf6 6. O-O Nc6 7. d4 Be7 8. dxc5 Bxc5 9. Re1+ Be6 10. Be3 Bxe3 11. Rxe3 O-O 12. Nd4 Bg4 13. Qd2 Qd6 14. Nc3 a6 15. h3 Bd7 16. Rd1 Ne5 17. b3 Rfd8 18. Nde2 Bc6 19. Qd4 Ng6 20. h4 h5 21. Bf3 Rac8 22. Kg2 b5 23. Red3 Ne5 24. Re3 Nfg4 25. Bxg4 Nxg4 26. Rf3 Bb7 27. Nf4 Ne5 28. Re3 Nc6 29. Qxd5 Na5 30. Qxb7 Nxb7 31. Rxd6 Nxd6 32. Ncd5 Kf8 33. Nxh5 Nf5 34. Rf3 Rxd5 35. Nf4 Rdd8 36. Kh3 Rxc2 37. Kg4 Nh6+ 38. Kh3 Rdd2 39. Ne6+ Kg8 40. Ng5 Rxa2 41. Re3 g6 42. Re8+ Kg7 43. Re7 Rxf2 44. Ne6+ Kf6 0-1


[Site "https://www.chess.com"]

[Event "Titled Tuesday Blitz April 25 Early 2023"]
[White "Panesso Rivera, Henry"]
[Black "Arat, Ufuk Sezen"]
[WhiteFideId "4402707"]
[BlackFideId "6309089"]
[WhiteElo "2345"]
[BlackElo "2289"]
[Result "0-1"]
[Round "07"]
[TimeControl "180+2"]
[Date "2023.04.25"]
[WhiteClock "0:01:39"]
[BlackClock "0:02:26"]

1. Nf3 d5 2. d4 c6 3. Ne5 Nf6 4. Bf4 Qb6 5. b3 g6 6. e3 Bg7 7. Be2 Nbd7 8. O-O Ne4 9. Nxd7 Bxd7 10. c4 O-O 11. c5 Qa5 12. a3 g5 13. b4 Qd8 14. Bg3 f5 15. Be5 g4 16. f3 gxf3 17. gxf3 Ng5 18. Bxg7 Kxg7 19. Kh1 f4 20. Rg1 h6 21. h4 Qe8 22. exf4 Qh5 23. fxg5 Qxh4+ 24. Kg2 0-1


[Site "https://www.chess.com"]

[Event "Titled Tuesday Blitz April 25 Early 2023"]
[White "Shaik Sumer Arsh"]
[Black "Berezin, Viktor"]
[WhiteFideId "45020000"]
[BlackFideId "14107872"]
[WhiteElo "2350"]
[BlackElo "2310"]
[Result "1-0"]
[Round "07"]
[TimeControl "180+2"]
[Date "2023.04.25"]
[WhiteClock "0:00:17"]
[BlackClock "0:00:11"]

1. d4 Nf6 2. c4 g6 3. Nc3 Bg7 4. e4 O-O 5. Nf3 d6 6. Be2 e5 7. Be3 Nc6 8. O-O Bg4 9. d5 Ne7 10. Ne1 Bxe2 11. Qxe2 Nd7 12. Nd3 f5 13. f3 f4 14. Bf2 g5 15. b4 a5 16. a3 h5 17. c5 Nf6 18. cxd6 cxd6 19. Nb5 Rf7 20. Nb2 Bf8 21. Nc4 Nc8 22. bxa5 g4 23. Bb6 Qd7 24. Nc7 Rb8 25. Ne6 Ne8 26. Kh1 Ng7 27. fxg4 Nxe6 28. dxe6 Qxe6 29. gxh5 Nxb6 30. axb6 Be7 31. Nd2 Kh7 32. Qc4 Qf6 33. Nf3 Rg8 34. a4 Rfg7 35. Ra2 Rg4 36. a5 Qg7 37. Rg1 Qf6 38. a6 Kh6 39. a7 Ra8 40. Qd5 Kxh5 41. Qxb7 Qf8 42. Qxa8 Qxa8 43. b7 Qxb7 44. a8=Q Qb3 45. Qh8+ Kg6 46. Ra8 Bf6 47. Qg8+ Kh5 48. Qxb3 1-0


[Site "https://www.chess.com"]

[Event "Titled Tuesday Blitz April 25 Early 2023"]
[White "Akash G"]
[Black "Garcia Almaguer, Juan Manuel"]
[WhiteFideId "5040299"]
[BlackFideId "5110491"]
[WhiteElo "2395"]
[BlackElo "2117"]
[Result "0-1"]
[Round "07"]
[TimeControl "180+2"]
[Date "2023.04.25"]
[WhiteClock "0:00:15"]
[BlackClock "0:00:33"]

1. e4 e5 2. Nf3 Nc6 3. Nc3 Nf6 4. d4 exd4 5. Nxd4 Bc5 6. Nb3 Bb6 7. Bc4 O-O 8. O-O h6 9. Nd5 Nxe4 10. Qf3 Nd6 11. Bd3 Ne5 12. Qg3 Nxd3 13. cxd3 Kh7 14. Bf4 Ne8 15. Rae1 d6 16. Ne7 Be6 17. Ng6 fxg6 18. Rxe6 Rf6 19. Rfe1 Qd7 20. Re7 Qf5 21. Be3 Rf7 22. Bxb6 Rxe7 23. Rxe7 axb6 24. Qe3 Nf6 25. Qd4 Re8 26. Rxe8 Nxe8 27. Qe4 Qxe4 28. dxe4 Nf6 29. f3 g5 30. h3 c6 31. Kf2 Kg6 32. Ke3 Kf7 33. Nd4 g6 34. Ne2 Nd7 35. Nc3 Ke6 36. Na4 b5 37. Nc3 Ne5 38. b3 Nd7 39. Ne2 Nf6 40. Nd4+ Kd7 41. Ne2 c5 42. Nc3 Kc6 43. Kd3 b4 44. Nd1 d5 45. Ne3 dxe4+ 46. fxe4 b5 47. e5 Nd5 48. Ng4 Nf4+ 49. Ke4 c4 50. Nxh6 c3 51. Ke3 Kd5 52. Nf7 Nxg2+ 53. Kd3 Nf4+ 54. Kc2 Nxh3 55. a3 bxa3 56. Kxc3 b4+ 57. Kc2 g4 58. Nh6 g3 59. Ng4 g2 60. Ne3+ Kxe5 61. Nxg2 Ke4 62. Kb1 g5 63. Ka2 Nf4 64. Ne1 g4 65. Nc2 g3 66. Ne1 g2 67. Nxg2 Nxg2 68. Kb1 Kd3 69. Kc1 Kc3 70. Kb1 Kxb3 71. Ka1 Ne3 72. Kb1 Kc3 73. Ka1 b3 74. Kb1 a2+ 75. Ka1 Nc2# 0-1


[Site "https://www.chess.com"]

[Event "Titled Tuesday Blitz April 25 Early 2023"]
[White "Santos Flores, Alberto"]
[Black "Brunner, Nicolas"]
[WhiteFideId "3601234"]
[BlackFideId "620246"]
[WhiteElo "2235"]
[BlackElo "2327"]
[Result "1/2-1/2"]
[Round "07"]
[TimeControl "180+2"]
[Date "2023.04.25"]
[WhiteClock "0:01:58"]
[BlackClock "0:00:58"]

1. e4 e5 2. Nf3 Nf6 3. Nxe5 d6 4. Nf3 Nxe4 5. d4 d5 6. Bd3 Bf5 7. O-O Be7 8. c4 O-O 9. Nc3 Nxc3 10. bxc3 Bxd3 11. Qxd3 dxc4 12. Qxc4 Nd7 13. Re1 c6 14. Qb3 Nb6 15. Bf4 Bf6 16. a4 Nd5 17. Bg3 Qb6 18. Reb1 Qxb3 19. Rxb3 a5 20. c4 Nb4 21. Bd6 Rfd8 22. Bxb4 axb4 23. Rxb4 Bxd4 24. Nxd4 Rxd4 25. Rxb7 Rxc4 26. a5 g6 27. g3 Ra6 28. Rb6 Rxb6 29. axb6 Rb4 30. Ra6 c5 31. Ra5 Rxb6 32. Rxc5 Kg7 33. h4 h5 34. Kg2 Re6 35. Rc3 Rf6 1/2-1/2


[Site "https://www.chess.com"]

[Event "Titled Tuesday Blitz April 25 Early 2023"]
[White "Baches Garcia, Guillermo"]
[Black "Janaszak, Dawid"]
[WhiteFideId "2209764"]
[BlackFideId "1119206"]
[WhiteElo "2476"]
[BlackElo "2220"]
[Result "1/2-1/2"]
[Round "07"]
[TimeControl "180+2"]
[Date "2023.04.25"]
[WhiteClock "0:00:07"]
[BlackClock "0:00:12"]

1. e4 c5 2. Nf3 Nc6 3. d4 cxd4 4. Nxd4 e5 5. Nb5 d6 6. N1c3 a6 7. Na3 Be6 8. Nc4 Rb8 9. a4 Be7 10. Ne3 Nf6 11. Bd3 O-O 12. O-O Nd4 13. Ncd5 Nd7 14. c3 Nc6 15. b4 Bg5 16. a5 Ne7 17. Bc4 Rc8 18. Qd3 Bxe3 19. Bxe3 Bxd5 20. Bxd5 Nxd5 21. Qxd5 Qc7 22. Rfd1 Nf6 23. Qxd6 Nxe4 24. Qxc7 Rxc7 25. Bb6 Rxc3 26. Rd7 Rb3 27. Rxb7 Rxb4 28. Ra7 Rc8 29. Rxa6 f6 30. Ra7 Rb2 31. Rc7 Ra8 32. Be3 f5 33. g3 f4 34. gxf4 exf4 35. Rxg7+ Kf8 36. Bxf4 Rxf2 37. Rxh7 Kg8 38. Rh4 Ra6 39. Bg3 Re2 40. Rf1 Nxg3 41. hxg3 Rxa5 42. Rg4+ Kh7 43. Rf2 Rxf2 44. Kxf2 Ra3 45. Kg1 Ra2 46. Rd4 Kh6 47. Rf4 Kg5 48. Rh4 Rb2 49. Rf4 Rc2 50. Rh4 Rb2 51. Rf4 Rc2 52. Rh4 Rb2 1/2-1/2


[Site "https://www.chess.com"]

[Event "Titled Tuesday Blitz April 25 Early 2023"]
[White "Bodnaruk, Anastasia"]
[Black "Manukian, Artak"]
[WhiteFideId "4181751"]
[BlackFideId "13301373"]
[WhiteElo "2310"]
[BlackElo "2130"]
[Result "1-0"]
[Round "07"]
[TimeControl "180+2"]
[Date "2023.04.25"]
[WhiteClock "0:00:49"]
[BlackClock "0:01:41"]

1. e4 c6 2. d4 d5 3. e5 Bf5 4. Nf3 e6 5. Be2 c5 6. O-O Nc6 7. c3 Qb6 8. dxc5 Bxc5 9. b4 Be7 10. Be3 Qc7 11. Qa4 Kf8 12. b5 Na5 13. Nd4 Bg6 14. Rc1 Nh6 15. Nd2 Nf5 16. Nxf5 Bxf5 17. c4 dxc4 18. Nxc4 Nxc4 19. Rxc4 Qd8 20. Rd1 Qe8 21. Rc7 Rd8 22. Rxb7 Rxd1+ 23. Bxd1 g5 24. Qxa7 Be4 25. Rb8 Bd8 26. Bxg5 Kg7 27. Rxd8 Qxd8 28. Bxd8 Rxd8 29. Bf3 1-0


[Site "https://www.chess.com"]

[Event "Titled Tuesday Blitz April 25 Early 2023"]
[White "Isajevsky, Anton"]
[Black "Yeritsyan, Hayk"]
[WhiteFideId "4142500"]
[BlackFideId "13307320"]
[WhiteElo "2510"]
[BlackElo "2471"]
[Result "1-0"]
[Round "07"]
[TimeControl "180+2"]
[Date "2023.04.25"]
[WhiteClock "0:02:10"]
[BlackClock "0:01:17"]

1. c4 c6 2. Nf3 d5 3. e3 Nf6 4. Nc3 e6 5. b3 Bd6 6. Qc2 Nbd7 7. Rg1 Qe7 8. g4 O-O 9. g5 Ne8 10. d4 dxc4 11. Bxc4 e5 12. Bb2 Nc7 13. O-O-O Nb6 14. Bd3 exd4 15. Bxh7+ Kh8 16. Rxd4 Ne6 17. Rh4 g6 18. Nd5+ 1-0


[Site "https://www.chess.com"]

[Event "Titled Tuesday Blitz April 25 Early 2023"]
[White "Sliwicka, Alicja"]
[Black "Namitbir Singh Walia"]
[WhiteFideId "1150677"]
[BlackFideId "35071068"]
[WhiteElo "2206"]
[BlackElo "2239"]
[Result "1-0"]
[Round "07"]
[TimeControl "180+2"]
[Date "2023.04.25"]
[WhiteClock "0:00:39"]
[BlackClock "0:00:26"]

1. e4 e5 2. Nf3 Nc6 3. Bb5 a6 4. Ba4 Nf6 5. Nc3 b5 6. Bb3 Bc5 7. d3 h6 8. Nd5 O-O 9. c3 d6 10. Nxf6+ Qxf6 11. Bd5 Bd7 12. h3 Rae8 13. g4 Ne7 14. g5 hxg5 15. Bxg5 Qg6 16. Bb3 Be6 17. Rg1 Bxb3 18. axb3 Qe6 19. Nh4 f6 20. Bh6 Rf7 21. Qh5 f5 22. Bxg7 Rxg7 23. Qxe8+ Kh7 24. Rxg7+ Kxg7 25. Nxf5+ Kf6 26. Qh8+ Kf7 27. Qh7+ Kf8 28. Qxe7+ Qxe7 29. Nxe7 Kxe7 30. Rxa6 1-0


[Site "https://www.chess.com"]

[Event "Titled Tuesday Blitz April 25 Early 2023"]
[White "Jovic, Stanoje"]
[Black "Osinenko, Anton"]
[WhiteFideId "905020"]
[BlackFideId "4158970"]
[WhiteElo "2236"]
[BlackElo "2294"]
[Result "0-1"]
[Round "07"]
[TimeControl "180+2"]
[Date "2023.04.25"]
[WhiteClock "0:00:21"]
[BlackClock "0:01:17"]

1. c4 e5 2. g3 g6 3. Bg2 Bg7 4. Nc3 Ne7 5. Nf3 Nbc6 6. O-O O-O 7. d3 h6 8. Rb1 d6 9. b4 Be6 10. b5 Nd4 11. Ne1 Rb8 12. e3 Ndf5 13. Qa4 Nc8 14. Nd5 Nfe7 15. Nc2 Nb6 16. Nxb6 axb6 17. Nb4 f5 18. Qb3 Qe8 19. d4 exd4 20. exd4 Qf7 21. d5 Bd7 22. Bb2 Ra8 23. Bxg7 Qxg7 24. Rfe1 f4 25. Rb2 fxg3 26. hxg3 g5 27. Rbe2 Ng6 28. Nd3 Rae8 29. Be4 Ne5 30. Nxe5 Rxe5 31. Bg2 Rfe8 32. Rxe5 Rxe5 33. Rxe5 Qxe5 34. Qe3 Qxe3 35. fxe3 Kg7 36. Bf3 Kf6 37. Kf2 Ke5 38. Ke2 Bf5 39. g4 Bb1 40. a3 Bh7 41. Kd2 Bg6 42. Kc3 Be4 43. Bxe4 Kxe4 44. a4 Kxe3 45. a5 bxa5 46. c5 b6 0-1


[Site "https://www.chess.com"]

[Event "Titled Tuesday Blitz April 25 Early 2023"]
[White "Hajiyev, Kanan"]
[Black "Ferenc83"]
[WhiteFideId "13404148"]
[WhiteElo "2103"]
[BlackElo "2584"]
[Result "1/2-1/2"]
[Round "07"]
[TimeControl "180+2"]
[Date "2023.04.25"]
[WhiteClock "0:00:08"]
[BlackClock "0:00:26"]

1. d4 Nf6 2. Nf3 g6 3. g3 Bg7 4. Bg2 O-O 5. O-O d6 6. b3 a5 7. a3 a4 8. b4 d5 9. Bb2 c6 10. Ne5 Nbd7 11. Nd2 Nxe5 12. dxe5 Nd7 13. f4 Nb6 14. Rc1 Be6 15. Bd4 f6 16. exf6 Bxf6 17. e3 Nc4 18. Nxc4 dxc4 19. c3 Qd7 20. Bxf6 exf6 21. Qxd7 Bxd7 22. Rcd1 Bg4 23. Rd2 Rad8 24. Rff2 Rfe8 25. e4 Be6 26. Kf1 Kf7 27. Ke1 Ke7 28. Rxd8 Rxd8 29. Rd2 Rh8 30. Bf1 g5 31. f5 Bf7 32. Rd4 b5 33. Kf2 Rc8 34. Ke3 c5 35. bxc5 Rxc5 36. h4 h6 37. Bg2 Rc7 38. Rd2 gxh4 39. gxh4 Rc8 40. Rb2 Be8 41. Bf1 Bd7 42. Rg2 Kf7 43. Be2 Bc6 44. Bh5+ Kf8 45. Rg6 Ke7 46. Rxh6 Rd8 47. Rh7+ Kd6 48. Kd4 Rg8 49. Rf7 Rg3 50. Rxf6+ Kc7 51. Be2 Rg2 52. Ke3 Rh2 53. h5 Rh3+ 54. Bf3 b4 55. cxb4 c3 56. Rg6 Be8 57. Rg1 Bxh5 58. Rf1 Rxf3+ 59. Rxf3 Bxf3 60. Kd3 Bxe4+ 61. Kxc3 Bxf5 62. b5 Kb6 63. Kb4 Bc2 64. Kc3 Bb3 65. Kb4 Kb7 66. Ka5 Kc7 67. Ka6 Bc4 68. Ka5 Bb3 69. Ka6 Kb8 70. Kb6 Bc2 71. Ka6 Ka8 72. Kb6 Kb8 73. Ka6 Bd1 74. Kb6 Be2 75. Ka6 Bd1 76. Ka5 Bb3 77. Kb6 Bc4 78. Ka5 Bb3 79. Kb6 1/2-1/2


[Site "https://www.chess.com"]

[Event "Titled Tuesday Blitz April 25 Early 2023"]
[White "Yelisieiev, Yevhenii"]
[Black "Jaskolka, Tomasz"]
[WhiteFideId "14139642"]
[BlackFideId "1170791"]
[WhiteElo "2425"]
[BlackElo "2155"]
[Result "1-0"]
[Round "07"]
[TimeControl "180+2"]
[Date "2023.04.25"]
[WhiteClock "0:00:12"]
[BlackClock "0:00:02"]

1. d4 d5 2. Nf3 Nc6 3. e3 Bg4 4. h3 Bxf3 5. Qxf3 e5 6. dxe5 Nxe5 7. Qg3 Ng6 8. Bd3 Nf6 9. O-O Bd6 10. f4 Qe7 11. Nc3 c6 12. Bd2 O-O 13. Rae1 Rfe8 14. Kh1 Ne4 15. Nxe4 dxe4 16. Bc4 b5 17. Bb3 a5 18. a4 b4 19. Qg5 Qxg5 20. fxg5 Ne5 21. Rf5 Ra7 22. Ref1 Rd7 23. Be1 g6 24. Rf6 Rf8 25. Bg3 Nc4 26. Bxc4 Bxg3 27. Rxc6 Bh4 28. Rc5 Kg7 29. Rxa5 Rd2 30. Bb3 Bg3 31. Rb5 h5 32. Rxb4 h4 33. Rxe4 Rfd8 34. Re7 Rd1 35. Rxf7+ Kh8 36. Kg1 Rxf1+ 37. Kxf1 Rd2 38. a5 Rd1+ 39. Ke2 Ra1 40. Ra7 Re1+ 41. Kd3 Bf2 42. Re7 Ra1 43. Re5 Kg7 44. Kc4 Be1 45. c3 Rb1 46. a6 Ra1 47. Kb5 Kf8 48. Rc5 Ke7 49. Rc7+ Kd6 50. Rb7 Ke5 51. a7 Bf2 52. Re7+ Kf5 53. Bd5 Bxe3 54. Rxe3 Rxa7 55. Re4 Kxg5 56. Rg4+ Kh5 57. Be4 Re7 58. Bxg6+ Kh6 59. Be4 Kh5 60. Bf3 Re5+ 61. Kb4 Kh6 62. Rxh4+ Kg7 63. Rg4+ Kh6 64. c4 Re6 65. c5 Re7 66. c6 Rc7 67. Kc5 Kh7 68. b4 Re7 69. b5 Kh8 70. b6 Re5+ 71. Kd6 Rb5 72. c7 Kh7 73. c8=Q Rxb6+ 74. Kc5 Rf6 75. Qg8+ Kh6 76. Qh8# 1-0


[Site "https://www.chess.com"]

[Event "Titled Tuesday Blitz April 25 Early 2023"]
[White "Danielyan, Vahe"]
[Black "Shuvalov, Evgenij"]
[WhiteFideId "13304828"]
[BlackFideId "4187237"]
[WhiteElo "2423"]
[BlackElo "2080"]
[Result "0-1"]
[Round "07"]
[TimeControl "180+2"]
[Date "2023.04.25"]
[WhiteClock "0:00:13"]
[BlackClock "0:00:14"]

1. d4 Nf6 2. c4 g6 3. Nc3 d5 4. cxd5 Nxd5 5. e4 Nxc3 6. bxc3 Bg7 7. Nf3 c5 8. Be2 Nc6 9. d5 Bxc3+ 10. Bd2 Bxa1 11. Qxa1 Nd4 12. Nxd4 cxd4 13. Qxd4 f6 14. O-O O-O 15. Bc4 Qd6 16. a3 a5 17. Rc1 Bd7 18. f4 Rfc8 19. e5 fxe5 20. fxe5 Qc5 21. d6+ e6 22. Qxc5 Rxc5 23. Bxe6+ Bxe6 24. Rxc5 Rc8 25. Rb5 Rc2 26. Bxa5 Bc8 27. Bb4 Kf7 28. Rd5 Bd7 29. Rd1 Ke6 30. Rf1 Bc6 31. Rf6+ Kxe5 32. Rf7 Ke6 33. Re7+ Kf6 34. d7 Rc1+ 35. Kf2 Rd1 36. Rxh7 Rxd7 37. g3 Rxh7 0-1


[Site "https://www.chess.com"]

[Event "Titled Tuesday Blitz April 25 Early 2023"]
[White "HamedWafa4"]
[Black "Asavasaetakul, Chawit"]
[BlackFideId "6204856"]
[WhiteElo "2457"]
[BlackElo "1919"]
[Result "0-1"]
[Round "07"]
[TimeControl "180+2"]
[Date "2023.04.25"]
[WhiteClock "0:01:08"]
[BlackClock "0:01:32"]

1. e4 d5 2. exd5 Nf6 3. d4 Bg4 4. Be2 Bxe2 5. Qxe2 Qxd5 6. Nf3 Nc6 7. Nc3 Qh5 8. Be3 O-O-O 9. O-O-O e6 10. Qc4 Be7 11. Rhe1 Nd5 12. Ne5 Nxe5 13. dxe5 Nxe3 14. Rxd8+ Rxd8 15. Rxe3 Qxh2 16. Qf1 Bg5 17. b3 Qxe5 18. Kb2 Bxe3 19. fxe3 f5 20. Qc4 a6 21. a4 g5 22. g3 h5 23. a5 Kb8 24. b4 Rd6 25. Kb3 Rc6 26. Qd3 Rxc3+ 27. Qxc3 Qxc3+ 28. Kxc3 0-1


[Site "https://www.chess.com"]

[Event "Titled Tuesday Blitz April 25 Early 2023"]
[White "Balla, Tamas-Kristof"]
[Black "Lund, Gunnar"]
[WhiteFideId "1208497"]
[BlackFideId "1520814"]
[WhiteElo "2334"]
[BlackElo "2233"]
[Result "0-1"]
[Round "07"]
[TimeControl "180+2"]
[Date "2023.04.25"]
[WhiteClock "0:00:03"]
[BlackClock "0:00:40"]

1. e4 e5 2. Nf3 Nc6 3. d4 exd4 4. Nxd4 Nf6 5. Nxc6 bxc6 6. e5 Qe7 7. Qe2 Nd5 8. h4 a5 9. c4 Ba6 10. Nd2 Nb4 11. Nf3 g6 12. a3 Nd5 13. h5 Nb6 14. g3 Bxc4 15. Qe4 Bd5 16. Qf4 Bxf3 17. Qxf3 Qxe5+ 18. Be2 O-O-O 19. Bf4 Qd5 20. O-O Qxf3 21. Bxf3 Bg7 22. Rab1 Kb7 23. b4 axb4 24. axb4 d5 25. b5 c5 26. h6 Bd4 27. Rfe1 Rhe8 28. Kg2 f6 29. Red1 g5 30. Bd2 Ra8 31. Bh5 Re7 32. Bg4 Ra2 33. Be1 Re5 34. Bf3 Nc4 35. Rb3 Kb6 36. Kg1 Rxe1+ 37. Rxe1 Bxf2+ 38. Kf1 Bxe1 39. Kxe1 Nd2 40. Rd3 Nxf3+ 41. Rxf3 Kxb5 42. Rxf6 Ra6 43. Rf7 Rxh6 44. Rxc7 Rh2 45. Rg7 h6 46. Rg6 c4 47. Kd1 c3 48. g4 d4 49. Re6 d3 50. Re1 Ra2 51. Re5+ Kc4 52. Ke1 Re2+ 53. Rxe2 dxe2 54. Kxe2 Kb3 0-1


[Site "https://www.chess.com"]

[Event "Titled Tuesday Blitz April 25 Early 2023"]
[White "Avazkhonov, Alikhon"]
[Black "Moksh Amit Doshi"]
[WhiteFideId "14208504"]
[BlackFideId "25064967"]
[WhiteElo "1739"]
[BlackElo "2297"]
[Result "1-0"]
[Round "07"]
[TimeControl "180+2"]
[Date "2023.04.25"]
[WhiteClock "0:00:18"]
[BlackClock "0:00:58"]

1. e4 c5 2. Nf3 e6 3. d4 cxd4 4. Nxd4 Nc6 5. Nc3 Qc7 6. Be3 a6 7. Qf3 Nf6 8. O-O-O Ne5 9. Qg3 b5 10. f4 Neg4 11. Bg1 h5 12. e5 b4 13. Na4 Nd5 14. h3 Nh6 15. Kb1 Bb7 16. Bd3 Rc8 17. f5 h4 18. Qe1 Qa5 19. b3 Nc3+ 20. Nxc3 bxc3 21. Be3 Qxe5 22. fxe6 dxe6 23. Qf2 Be7 24. Rhe1 Qa5 25. Nxe6 Bf6 26. Nxg7+ Bxg7 27. Bb6+ Qe5 28. Rxe5+ Bxe5 29. Re1 f6 30. Qxf6 1-0


[Site "https://www.chess.com"]

[Event "Titled Tuesday Blitz April 25 Early 2023"]
[White "Martic, Ivan"]
[Black "kuanysh1981"]
[WhiteFideId "929301"]
[WhiteElo "2360"]
[BlackElo "2434"]
[Result "1-0"]
[Round "07"]
[TimeControl "180+2"]
[Date "2023.04.25"]
[WhiteClock "0:00:13"]
[BlackClock "0:00:14"]

1. d4 Nf6 2. Bg5 Ne4 3. Bf4 d5 4. e3 Bf5 5. Bd3 g6 6. Nd2 Bg7 7. f3 Nxd2 8. Qxd2 Bxd3 9. cxd3 O-O 10. Rc1 c6 11. Ne2 Nd7 12. O-O e5 13. dxe5 Nxe5 14. b3 Re8 15. d4 Nd7 16. Nc3 Qa5 17. Rfd1 Rad8 18. Rc2 Re6 19. h3 Nf6 20. Be5 Nh5 21. Bxg7 Nxg7 22. b4 Qxb4 23. Rb2 Qe7 24. e4 Nh5 25. e5 b6 26. g4 Ng7 27. f4 f6 28. Qg2 Rf8 29. Rf2 g5 30. f5 Rxe5 31. dxe5 Qxe5 32. Qf3 h5 33. Re2 Qd6 34. Kg2 h4 35. Rde1 Rf7 36. Qd3 Qb4 37. Rd1 b5 38. Qd4 Qa3 39. Rd3 Qc1 40. Qe3 Qxe3 41. Rexe3 Kf8 42. a3 Ne8 43. Re6 Rc7 44. Rde3 Kf7 45. Rxe8 d4 46. Rh8 Kg7 47. Ree8 dxc3 48. Reg8+ Kf7 49. Rh7+ Kxg8 50. Rxc7 a5 51. Rxc6 b4 52. axb4 axb4 53. Kf2 Kf7 54. Ke2 Ke7 55. Kd3 Kd7 56. Rc4 1-0


[Site "https://www.chess.com"]

[Event "Titled Tuesday Blitz April 25 Early 2023"]
[White "Bartel, Michal"]
[Black "Fan_Of_Chucky"]
[WhiteFideId "1119257"]
[WhiteElo "2282"]
[BlackElo "2433"]
[Result "1-0"]
[Round "07"]
[TimeControl "180+2"]
[Date "2023.04.25"]
[WhiteClock "0:01:53"]
[BlackClock "0:00:03"]

1. e4 c5 2. Ne2 a6 3. g3 b5 4. Bg2 Bb7 5. O-O e6 6. c3 Qc7 7. d4 Nf6 8. f3 d5 9. e5 Nfd7 10. f4 Nc6 11. f5 O-O-O 12. fxe6 fxe6 13. Nf4 Re8 14. Be3 g5 15. Nh5 c4 16. Bxg5 Be7 17. Bxe7 Rxe7 18. Nd2 b4 19. Bh3 Qb6 20. Kh1 a5 21. Nf3 Rf8 22. Qd2 Ref7 23. Nf4 Nd8 24. Ng5 Re7 25. Nh5 Rxf1+ 26. Rxf1 bxc3 27. bxc3 a4 28. Nf6 Qa5 29. Ngxh7 Nxe5 30. dxe5 d4+ 31. Bg2 Qxc3 32. Qxc3 dxc3 33. Rc1 Nc6 34. Bxc6 Bxc6+ 35. Kg1 Be4 36. Nxe4 Rxh7 37. Rxc3 Rc7 38. Rxc4 Rxc4 39. Nd6+ Kd8 40. Nxc4 1-0


[Site "https://www.chess.com"]

[Event "Titled Tuesday Blitz April 25 Early 2023"]
[White "SashaKuzhilniy"]
[Black "Bochnicka, Vladimir"]
[BlackFideId "14943450"]
[WhiteElo "2559"]
[BlackElo "2094"]
[Result "0-1"]
[Round "07"]
[TimeControl "180+2"]
[Date "2023.04.25"]
[WhiteClock "0:00:18"]
[BlackClock "0:00:11"]

1. b3 e5 2. Bb2 Nc6 3. c4 Nf6 4. e3 d5 5. cxd5 Nxd5 6. a3 Be6 7. d3 Be7 8. Nf3 f6 9. Nbd2 O-O 10. Be2 Qe8 11. O-O Qf7 12. b4 a6 13. Rc1 Rad8 14. Ne4 Nb6 15. Nc5 Bxc5 16. Rxc5 Bb3 17. Qa1 Na4 18. Rcc1 Nxb2 19. Qxb2 Rd7 20. Rc3 Be6 21. Rfc1 Rfd8 22. b5 Na5 23. bxa6 bxa6 24. Qb4 Nb3 25. Rb1 c5 26. Qa4 c4 27. dxc4 Nd2 28. Nxd2 Rxd2 29. Bf1 h6 30. c5 Bf5 31. Rbc1 Kh7 32. c6 Qc7 33. Qxa6 Rb2 34. Bd3 e4 35. Bc2 Rd2 36. h3 Qe5 37. Qc4 Bxh3 38. Qxe4+ Qxe4 39. Bxe4+ f5 40. gxh3 fxe4 41. Rf1 Rbc2 42. Rxc2 Rxc2 43. Rd1 Rxc6 44. Rd4 Re6 45. Kf1 Kg6 46. a4 Kg5 47. Kg2 Kf5 48. Kg3 g5 49. Rb4 Kg6 50. a5 Kf7 51. Rb7+ Kg8 52. Rb6 Re5 53. Rb5 Rxb5 54. a6 Ra5 0-1


[Site "https://www.chess.com"]

[Event "Titled Tuesday Blitz April 25 Early 2023"]
[White "Shevtchenko, Olesya"]
[Black "Toktomushev, Teimur"]
[WhiteFideId "24131890"]
[BlackFideId "14176726"]
[WhiteElo "2003"]
[BlackElo "2116"]
[Result "1-0"]
[Round "07"]
[TimeControl "180+2"]
[Date "2023.04.25"]
[WhiteClock "0:01:56"]
[BlackClock "0:00:03"]

1. e4 c5 2. Nf3 e6 3. d4 cxd4 4. Nxd4 a6 5. Nc3 b5 6. Qd3 Bb7 7. a3 Nc6 8. Nxc6 Bxc6 9. Qg3 Nf6 10. Bd3 h5 11. h4 Bc5 12. e5 Ng4 13. O-O d6 14. exd6 Bxd6 15. Bf4 e5 16. Bg5 Qc7 17. Ne4 O-O 18. f3 Bxe4 19. Bxe4 Bc5+ 20. Kh1 Ne3 21. Rfe1 Nc4 22. Bf6 g6 23. Bxg6 Bf2 24. Bh7+ Kxh7 25. Qg7# 1-0


[Site "https://www.chess.com"]

[Event "Titled Tuesday Blitz April 25 Early 2023"]
[White "Safin, Robert"]
[Black "Pourkashiyan, Atousa"]
[WhiteFideId "34189120"]
[BlackFideId "12502014"]
[WhiteElo "2245"]
[BlackElo "2228"]
[Result "1-0"]
[Round "07"]
[TimeControl "180+2"]
[Date "2023.04.25"]
[WhiteClock "0:00:04"]
[BlackClock "0:00:06"]

1. e4 c5 2. c3 Nf6 3. e5 Nd5 4. Nf3 e6 5. d4 cxd4 6. cxd4 d6 7. Bc4 Nc6 8. O-O Be7 9. Bxd5 exd5 10. Nc3 Be6 11. Bf4 O-O 12. exd6 Bxd6 13. Bxd6 Qxd6 14. Re1 Bg4 15. h3 Bxf3 16. Qxf3 Nxd4 17. Qd3 Nc6 18. Nxd5 Kh8 19. Rad1 Nb4 20. Qb3 Nxd5 21. Rxd5 Qc7 22. Red1 b6 23. Rd7 Qf4 24. g3 Qf5 25. h4 h6 26. a4 Kg8 27. Qd3 Qf6 28. Qd4 Qe6 29. Qd5 Qf6 30. Rd4 Rac8 31. Rf4 Qg6 32. h5 Rc1+ 33. Kg2 Qc6 34. Qxc6 Rxc6 35. Rxa7 Rc5 36. Rb7 Rc6 37. Rb4 Ra8 38. b3 Ra6 39. g4 f6 40. Rd4 Rc3 41. Rdd7 Rxb3 42. Rxg7+ Kf8 43. Rgf7+ Kg8 44. Rfc7 Ra8 45. Rg7+ Kf8 46. Rh7 Kg8 47. Rxh6 Rb4 48. Rg6+ Kf8 49. h6 Raxa4 50. f3 Ra2+ 51. Kg3 Ra1 52. h7 Rh1 53. Rg8# 1-0


[Site "https://www.chess.com"]